 Dungeon Crawl Stone Soup version 0.31-a0-321-g19405a7a6a (webtiles) character file.

Game seed: 7343743757378244459

654 LeprechaunX the Ruffian (level 7, -3/47 HPs)
             Began as an Octopode Shapeshifter on July 17, 2023.
             Slain by an ice beast (14 damage)
             ... on level 4 of the Dungeon.
             The game lasted 00:04:26 (3489 turns).

LeprechaunX the Ruffian (Octopode Shapeshifter)     Turns: 3489, Time: 00:04:27

Health: -3/47      AC:  1    Str: 16    XL:     7   Next: 54%
Magic:  7/7        EV: 14    Int: 11    God:
Gold:   183        SH:  0    Dex: 12    Spells: 6/6 levels left

rFire   . .          .
                       - Unarmed
rCold   . . .        (no shield)
rNeg    . . .        (helmet currently unavailable)
rPois   +            (no amulet)
rElec   .            n - ring of poison resistance
rCorr   .            (no ring)
SInv    .            (no ring)
Will    .....        (no ring)
Stlth   ++           (no ring)
HPRegen 0.27/turn    (no ring)
MPRegen 0.10/turn    (no ring)
                     (no ring)

%: no passive effects
@: beast-form
A: beast (slay +3), almost no armour, amphibious, 8 rings, camouflage 1,
gelatinous body 1, (nimble swimmer 1), tentacles
a: Begin Untransformation


You were on level 4 of the Dungeon.
You were a hulking beast.
You visited 1 branch of the dungeon, and saw 5 of its levels.

You collected 183 gold pieces.

Inventory:

Missiles
 p - a throwing net
Jewellery
 c - a ring of fire
 n - a ring of poison resistance (left tentacle)
Talismans
 b - a beast talisman
Wands
 o - a wand of charming (13)
Scrolls
 d - 3 scrolls of identify {unknown}
 f - a scroll of enchant armour {unknown}
 h - a scroll of summoning {unknown}
 i - 2 scrolls of fear {unknown}
 j - a scroll of blinking {unknown}
 k - 2 scrolls of enchant weapon {unknown}
 l - a scroll of teleportation {unknown}
 q - a scroll of fog {unknown}
Potions
 a - 2 potions of lignification
 e - 3 potions of enlightenment {unknown}
 g - a potion of ambrosia {unknown}
 m - 2 potions of curing {unknown}
 r - a potion of attraction {unknown}


   Skills:
 + Level 3.6 Fighting
 + Level 3.6 Dodging
 * Level 4.9 Unarmed Combat
 * Level 4.9 Shapeshifting


You had 6 spell levels left.
You didn't know any spells.
Your spell library contained the following spells:

 Spells                   Type           Power      Damage    Failure   Level
 Shock                    Conj/Air       0%         1d3       34%         1
 Swiftness                Air            0%         N/A       71%         3
 Airstrike                Air            0%         2d(0-16)  98%         4


Dungeon Overview and Level Annotations

Branches:
Dungeon (5/15)
 Temple: D:4-7

Altars:
Hepliaklqana
Nemelex Xobeh
Zin

Annotations:
D:5 Prince Ribbit


Innate Abilities, Weirdness & Mutations

You are a hulking beast.
Your limbs bulge with bestial killing power. (Slay +3)
You cannot wear most types of armour.
You are amphibious.
You can wear up to eight rings at the same time.
Your skin changes colour to match your surroundings (Stealth+).
Your rubbery body absorbs attacks. (AC +1, EV +1)
((You are camouflaged when in or above water. (Stealth+)))
You have tentacles for arms and can constrict up to eight enemies at once.


Message History

There is a stone staircase leading down here.
You climb downwards.
Found 14 gold pieces.
There is a stone staircase leading up here.
An ice beast is nearby!
Prince Ribbit comes into view.
Found a robe.
Found a stone staircase leading down.
The helpless ice beast fails to defend itself.
You tentacle-slap the ice beast. You squeeze the ice beast!
The ice beast is heavily wounded.
You tentacle-slap the ice beast but do no damage.
The ice beast is heavily wounded.
The ice beast hits you but does no damage.
You tentacle-slap the ice beast.
The ice beast is severely wounded.
Prince Ribbit croaks.
The ice beast hits you. The ice beast freezes you.
You closely miss the ice beast.
You squeeze the ice beast, but do no damage.
The ice beast is severely wounded.
Prince Ribbit lets out a mournful croak.
Prince Ribbit closely misses you. The ice beast hits you.
The ice beast freezes you! Prince Ribbit hits you!
* * * LOW HITPOINT WARNING * * *
Prince Ribbit attacks as you move away! Prince Ribbit closely misses you.
The ice beast attacks as you move away! The ice beast barely misses you.
There is a stone staircase leading up here.
The ice beast completely misses you.
Prince Ribbit blinks!
You climb upwards.
There is a stone staircase leading down here.
Unknown command.
You closely miss the ice beast. You squeeze the ice beast.
The ice beast is severely wounded.
The ice beast completely misses you.
You tentacle-slap the ice beast but do no damage.
The ice beast is severely wounded.
The ice beast hits you.
* * * LOW HITPOINT WARNING * * *
The ice beast freezes you!
You die...

#########
####.......###
####............##
#................#
#................#
#........Y.......#
#........h.......#
#...............##
##..............#
#####..........#
######....##
###.## #.##
######### ##.#
#........
#.###........


You could see an ice beast.

Vanquished Creatures
  Sigmund (D:2)
  An ice beast (D:4)
  2 scorpions (D:4)
  2 jellies (D:4)
  An iguana (D:4)
  A sleepcap (D:4)
  2 orc wizards (D:3)
  3 adders
  A worm (D:2)
  A dart slug (D:4)
  7 orcs
  6 endoplasms
  2 giant cockroaches
  7 goblins
  12 hobgoblins
  6 kobolds
  2 quokkas
  8 ball pythons
  6 bats
  3 frilled lizards
  5 rats
79 creatures vanquished.

Notes
Turn   | Place    | Note
-------+----------+-------------------------------------------
     0 | D:1      | LeprechaunX the Octopode Shapeshifter began the quest for
                  | the Orb.
     0 | D:1      | Reached XP level 1. HP: 14/14 MP: 1/1
   133 | D:1      | Reached XP level 2. HP: 19/19 MP: 2/2
   622 | D:2      | Reached XP level 3. HP: 19/24 MP: 3/3
   910 | D:2      | Found a sparkling altar of Nemelex Xobeh.
  1105 | D:2      | Noticed Sigmund
  1118 | D:2      | Killed Sigmund
  1119 | D:2      | Reached XP level 4. HP: 17/30 MP: 4/4
  1119 | D:2      | Reached XP level 5. HP: 20/36 MP: 5/5
  1267 | D:2      | Found a faded altar of an unknown god.
  1335 | D:2      | Reached XP level 6. HP: 34/42 MP: 6/6
  1815 | D:3      | HP: 1/42 [orc/+0 trident (7)]
  1992 | D:3      | Found a hazy altar of Hepliaklqana.
  2170 | D:3      | Found a glowing silver altar of Zin.
  2170 | D:3      | Noticed an angel
  2278 | D:4      | Noticed an ice beast
  2567 | D:4      | Reached XP level 7. HP: 33/46 MP: 7/7
  3475 | D:5      | Entered Level 5 of the Dungeon
  3478 | D:5      | Noticed Prince Ribbit
  3489 | D:4      | Slain by an ice beast

Illustrated notes

Levels and vault maps discovered:
D:1:      minmay_arrival_jagged, layout_loops_ring
D:2:      layout_loops_cross, shapermc_ecumenical_altar_mp_highgroup,
          basic_altar, serial_bayou_lagoon_a, uniq_sigmund
D:3:      layout_rooms, zin_angel, mainiacjoe_overflow_brackets, minivault_26,
          minmay_misc_feat_square, kennysheep_generic_room_11
D:4:      layout_cave_pods, hex_tiny
D:5:      layout_basic, kennysheep_mini, minmay_temple_entry_nine_rooms,
          uniq_prince_ribbit1, uniq_crazy_yiuf_cottage, uniq_eustachio

Skill      XL: |  1  2  3  4  5  6 |
---------------+-------------------+-----
Unarmed Combat | 3 4 |  4.9
Shapeshifting  | 4 |  4.9
Fighting       | 3 |  3.6
Dodging        | 3 |  3.6

Action                     |  1- 3 |  4- 6 |  7- 9 || total
---------------------------+-------+-------+-------++-------
  Melee: Unarmed           |    55 |    77 |    29 ||   161
         Tentacles         |    10 |    19 |     8 ||    37
         Constrict         |    15 |    24 |     2 ||    41
         Punch             |     1 |     2 |     3 ||     6
   Stab: Sleeping          |     5 |     6 |     4 ||    15
 Armour: Skin              |     2 |     5 |     2 ||     9
  Dodge: Dodged            |    27 |    39 |    10 ||    76

Table legend: (Time is in decaauts)
 A = Elapsed time spent in this place.
 B = Non-inter-level travel time spent in this place.
 C = Inter-level travel time spent in this place.
 D = Time resting spent in this place.
 E = Time spent auto-exploring this place.
 F = Levels seen in this place.
 G = Mean time per level.
                   A        B        C        D        E       F      G
               +--------+--------+--------+--------+--------+-----+--------+
         Total |   3476 |   3418 |     58 |    439 |   2362 |   5 |  695.2 |
       Dungeon |   3476 |   3418 |     58 |    439 |   2362 |   5 |  695.2 |
               +--------+--------+--------+--------+--------+-----+--------+

Top non-repeatable levels by time:
     D:4: 1131 daAuts
     D:2: 862 daAuts
     D:3: 857 daAuts
     D:1: 612 daAuts
     D:5: 11 daAuts
